Map: Terraform LE (Void)

Players

Lumire - Winner!

  • Race: Zerg Zerg
  • League: Platinum

DestroyBoy

  • Race: Terran Terran
  • League: Platinum

VOD

Have the link to the VOD?

Description

Time

  • Played on: Sept. 2, 2015, 3:23 a.m.
  • Length: 11:21
Show
View Real Time Build Order
Export as new Build Order

Lumire Zerg - Winner!

Build Orders: Hatch First, Muta Ling Bane 

Get SALT Encoding   

  12  0:01  Drone  
  13  0:12  Overlord  
  13  0:17  Drone  
  14  0:31  Drone x2  
  16  0:37  Drone  
  17  0:53  Hatchery  
  16  0:57  Drone  
  17  1:05  Extractor  
  17  1:11  Spawning Pool  
  15  1:14  Drone  
  15  1:18  Drone  
  17  1:29  Drone x2  
  19  1:45  Overlord  
  19  1:50  Drone  
  20  1:57  Queen  
  22  2:05  Drone, Queen  
  22  2:06  Drone  
  26  2:11  Metabolic Boost  
  26  2:14  Drone  
  27  2:20  Drone  
  27  2:22  Drone  
  29  2:28  Overlord  
  29  2:32  Zergling x2  
  29  2:36  Queen  
  30  2:41  Drone  
  33  2:44  Queen  
  33  2:50  Overlord  
  35  2:51  Drone  
  35  2:54  Drone  
  37  3:01  Drone  
  38  3:09  Zergling x4  
  38  3:10  Zergling x2  
  38  3:12  Drone x3  
  44  3:28  Overlord  
  44  3:29  Drone  
  44  3:31  Drone  
  46  3:38  Hatchery  
  46  3:41  Lair  
  45  3:42  Roach Warren  
  45  3:47  Extractor  
  43  3:49  Drone x2  
  43  3:50  Drone x2  
  43  3:51  Extractor  
  43  3:52  Drone  
  43  3:53  Drone  
  48  3:55  Drone  
  47  4:05  Zergling x4  
  48  4:17  Drone x3  
  48  4:20  Queen  
  48  4:22  Overlord  
  53  4:35  Drone x3  
  53  4:37  Drone x2  
  58  4:41  Spire  
  57  4:48  Zergling x4  
  57  4:49  Zergling x8  
  60  5:03  Roach x3  
  64  5:23  Glial Reconstitution  
  64  5:25  Hatchery  
  64  5:26  Drone x2  
  64  5:28  Evolution Chamber  
  64  5:29  Evolution Chamber  
  59  5:37  Queen  
  59  5:40  Roach x4  
  69  5:43  Overlord  
  65  6:04  Drone  
  65  6:05  Drone x2  
  65  6:07  Zerg Ground Armor Level 1  
  65  6:08  Zerg Melee Weapons Level 1  
  65  6:09  Mutalisk x2  
  65  6:11  Mutalisk  
  72  6:12  Evolution Chamber  
  72  6:15  Drone x8  
  72  6:16  Drone  
  82  6:20  Extractor  
  82  6:21  Extractor  
  80  6:31  Hatchery  
  79  6:36  Drone x6  
  79  6:37  Drone  
  80  6:41  Extractor  
  77  6:56  Roach  
  77  6:57  Roach x4  
  87  7:02  Overlord x3  
  87  7:06  Zerg Missile Weapons Level 1  
  87  7:13  Extractor, Queen  
  87  7:15  Overlord x2  
  88  7:16  Hydralisk Den  
  88  7:17  Overseer  
  87  7:23  Zerg Flyer Weapons Level 1  
  87  7:24  Baneling Nest  
  87  7:25  Drone  
  87  7:26  Drone x3  
  87  7:29  Drone x3  
  93  7:30  Drone x3  
  93  7:31  Drone x4  
  93  7:34  Drone x2  
  102  7:45  Pneumatized Carapace  
  102  7:46  Overlord x2  
  102  7:55  Zergling x2  
  102  7:56  Zergling x16  
  111  8:00  Queen  
  111  8:05  Overlord  
  113  8:07  Drone x6  
  113  8:08  Drone x2  
  113  8:11  Extractor  
  120  8:13  Extractor  
  120  8:14  Mutalisk x2  
  120  8:15  Mutalisk x2  
  124  8:33  Queen  
  124  8:34  Queen  
  120  8:35  Mutalisk x5  
  120  8:38  Zergling x8  
  120  8:39  Zergling x4  
  130  8:52  Overlord x3  
  130  8:53  Centrifical Hooks  
  130  9:01  Overlord x2  
  130  9:03  Drone x6  
  130  9:04  Drone  
  137  9:11  Overlord  
  137  9:17  Baneling x5  
  137  9:22  Overseer  
  137  9:27  Hatchery  
  137  9:29  Drone x3  
  134  9:53  Spine Crawler  
  134  9:59  Mutalisk x4  
  135  10:00  Mutalisk, Infestation Pit  
  135  10:05  Spine Crawler  
  135  10:06  Spore Crawler  
  140  10:07  Zergling x2  
  140  10:08  Zergling x38  
  160  10:20  Drone x4  
  160  10:21  Drone x2  
  166  10:25  Drone x3  
  166  10:26  Drone  
  168  10:29  Baneling x4  
  168  10:30  Baneling x4  
  159  10:39  Zergling x12  
  159  10:40  Zergling x10  
  159  10:41  Baneling x4  
  159  10:42  Baneling  
  163  10:57  Zergling x2  
  163  10:58  Zergling x28  
Show
View Real Time Build Order
Export as new Build Order

DestroyBoy Terran 

Build Orders: 1/1/1, MMM Bio, Siege Tank Drop 

Get SALT Encoding   

  12  0:00  SCV  
  13  0:13  SCV  
  14  0:20  Supply Depot  
  14  0:25  SCV  
  15  0:31  Refinery  
  15  0:42  SCV  
  16  0:46  Barracks  
  16  0:55  SCV  
  17  1:07  SCV  
  18  1:20  SCV  
  19  1:34  Marine  
  19  1:35  Factory  
  19  1:36  SCV  
  19  1:37  Refinery  
  21  1:43  Supply Depot  
  21  1:49  SCV  
  22  1:58  Reaper  
  23  2:05  SCV  
  24  2:16  Supply Depot  
  24  2:20  Factory Tech Lab, Starport  
  24  2:24  SCV  
  25  2:35  Marine  
  25  2:36  SCV  
  27  2:43  Siege Tank  
  30  2:50  Orbital Command  
  30  3:02  Medivac  
  32  3:08  Marine  
  33  3:18  SCV  
  34  3:26  Siege Tank  
  37  3:33  Marine  
  37  3:44  Medivac  
  37  3:45  Command Center  
  39  4:16  Marine  
  43  4:17  Siege Tank  
  43  4:21  SCV  
  44  4:34  Marine, Medivac  
  47  4:43  Barracks  
  47  4:44  Barracks  
  47  4:57  SCV  
  48  5:07  Marine  
  48  5:09  SCV  
  50  5:20  Bunker  
  50  5:28  SCV  
  51  5:29  SCV  
  47  5:40  SCV  
  48  5:44  SCV  
  49  5:52  SCV  
  50  5:57  SCV  
  51  6:04  SCV  
  51  6:05  Barracks Reactor  
  51  6:06  Barracks Reactor  
  51  6:09  SCV  
  53  6:13  Refinery, Factory Reactor  
  53  6:15  Refinery, Starport Reactor  
  53  6:16  SCV  
  53  6:18  Marine  
  55  6:19  Stimpack  
  55  6:21  SCV  
  56  6:28  SCV  
  57  6:34  SCV  
  58  6:41  SCV  
  58  6:46  SCV  
  60  6:52  Marine x4  
  60  6:53  SCV, Widow Mine  
  60  6:54  Marauder  
  59  6:58  SCV  
  59  6:59  Supply Depot x2  
  62  7:04  Engineering Bay, Widow Mine  
  62  7:05  Supply Depot x2, Engineering Bay, SCV, Medivac x2  
  69  7:11  Marine x4  
  73  7:17  SCV x2  
  75  7:23  Marine  
  75  7:29  SCV x2, Marine  
  79  7:32  Terran Infantry Weapons Level 1, Terran Infantry Armor Level 1  
  79  7:37  Marine  
  79  7:38  Marine x2  
  79  7:40  Marine  
  79  7:41  SCV  
  84  7:45  Missile Turret  
  84  7:47  Missile Turret  
  84  7:58  Widow Mine x2, Marine x4  
  87  8:03  Medivac, Marine  
  87  8:04  Medivac  
  97  8:08  Orbital Command  
  97  8:24  Marine x4  
  97  8:25  Marine  
  93  8:41  Armory  
  93  8:42  Marine  
  85  8:49  Widow Mine x2, Marine x4  
  91  9:00  Marine  
  91  9:01  SCV  
  91  9:02  SCV  
  85  9:04  Command Center  
  85  9:06  Marine  
  85  9:07  Marine  
  85  9:08  Medivac x2  
  85  9:09  Marine x2  
  93  9:10  Combat Shields  
  93  9:14  SCV  
  94  9:22  Marine  
  94  9:23  Widow Mine x2  
  99  9:24  Marine  
  99  9:25  SCV  
  99  9:26  Marine  
  99  9:27  Marine  
  99  9:41  Marine x2  
  99  9:42  Marine  
  99  9:44  Medivac  
  100  9:51  Widow Mine x2  
  104  9:54  Marine  
  104  9:58  Supply Depot  
  105  10:01  Marine  
  105  10:03  Supply Depot  
  106  10:17  Marine x4  
  106  10:18  Marine  
  111  10:34  Marine  
  111  10:35  Marine x2  
  109  10:38  Marine x2  
  109  10:39  Widow Mine x2  
  107  10:52  Marine x2  
  107  10:53  Marine  
  107  10:56  Marine x2  
Tags
 
Add a new tag
Caveats
  • Supply blocks, unpowered buildings, or Contaminate may cause inaccurate times.
  • Supply counts are checked every 10 seconds.